AoeStats
← RR.Tecato

Lombardia

510159797Analyzed
3v3 RM · 2d ago on Sep 29, 2026· 45m 26s· 6 players
Game mode
Random Map
Map size
Normal (6 player)
Population
200
Speed
Normal
Resources
Standard
Victory
Conquest
Starting age
Dark Age
Ending age
Imperial Age
RankedLock teamsTeams togetherTeam positionsShared explorationLock speedFull tech treeHidden civsTurbo modeCheats
Victory
Defeat
🇲🇽 Tatars · Mexico
1202
+12
🇲🇽 Lithuanians · Mexico
1085
+16
🇲🇽 Japanese · Mexico
983
+21
🇦🇷 Spanish · Argentina
1106
-17
🇬🇷 Japanese · Greece
1102
-17
🇫🇮 Danes · Finland
1077
-15
Faceless
2:25 Loom
10:44 Feudal Age
15:47 Castle Age
13:46 Horse Collar
14:33 Double-Bit Axe
21:56 Fletching
22:34 Padded Archer Armor
25:18 Bodkin Arrow
30:43 Ballistics
30:33 Elite Skirmisher
33:38 Wheelbarrow
35:14 Gold Mining
36:30 Heavy Plow
41:43 Imperial Age
40:24 Scale Mail Armor
40:44 Squires
40:24 Pikeman
41:46 Chain Mail Armor
42:01 Thumb Ring
42:14 Leather Archer Armor
43:05 Conscription
43:23 Hoardings
43:29 Hoardings
43:35 Plate Mail Armor
44:38 Chemistry
43:44 Arson
43:21 Halberdier
44:30 Halberdier
aLaNi
5:15 Loom
11:36 Feudal Age
18:00 Castle Age
16:32 Double-Bit Axe
16:30 Horse Collar
19:14 Squires
19:19 Scale Mail Armor
20:05 Forging
33:17 Town Watch
36:48 Wheelbarrow
40:38 Imperial Age
39:16 Bow Saw
39:24 Heavy Plow
39:20 Pikeman
40:26 Arson
40:55 Elite Skirmisher
41:17 Elite Samurai
42:13 Padded Archer Armor
42:04 Fletching
42:30 Chain Mail Armor
44:10 Iron Casting
43:25 Man-at-Arms
44:44 Hand Cart
tony halcon
11:03 Feudal Age
9:36 Loom
12:19 Double-Bit Axe
16:30 Castle Age
15:03 Horse Collar
17:41 Bow Saw
20:30 Bloodlines
20:20 Husbandry
20:49 Scale Barding Armor
26:33 Chain Barding Armor
31:32 Fletching
35:32 Caravan
39:21 Wheelbarrow
42:36 Imperial Age
41:17 Forging
41:02 Bodkin Arrow
43:54 Plate Barding Armor
42:41 Cavalier
45:25 Iron Casting
RR.Ricky
10:29 Feudal Age
11:53 Horse Collar
17:01 Double-Bit Axe
18:19 Scale Mail Armor
23:48 Castle Age
22:03 Gold Mining
22:03 Stone Mining
22:50 Forging
23:35 Scale Barding Armor
34:08 Chain Mail Armor
34:14 Chain Barding Armor
34:29 Iron Casting
35:09 Gold Shaft Mining
39:08 Imperial Age
40:30 Plate Mail Armor
41:00 Blast Furnace
41:06 Elite Samurai
RR.Gohan
7:51 Loom
10:20 Feudal Age
15:10 Castle Age
14:14 Double-Bit Axe
15:17 Bloodlines
16:19 Scale Barding Armor
16:52 Husbandry
17:17 Bow Saw
16:49 Horse Collar
17:28 Forging
23:54 Chain Barding Armor
26:54 Wheelbarrow
36:48 Imperial Age
35:10 Iron Casting
36:34 Hand Cart
38:30 Two-Man Saw
38:05 Conscription
38:28 Town Watch
38:41 Cavalier
40:23 Plate Barding Armor
40:51 Paladin
RR.Tecato
5:22 Loom
11:03 Feudal Age
14:49 Castle Age
14:07 Fletching
15:26 Bodkin Arrow
17:19 Double-Bit Axe
25:41 Wheelbarrow
24:51 Town Watch
26:54 Ballistics
26:39 Padded Archer Armor
34:31 Horse Collar
35:03 Bow Saw
35:35 Gold Mining
35:36 Stone Mining
35:45 Stone Mining
36:59 Leather Archer Armor
37:32 Gold Shaft Mining
38:03 Town Patrol
39:05 Husbandry
39:15 Bloodlines
42:25 Imperial Age
42:26 Heavy Cavalry Archer
43:08 Bracer
44:09 Chemistry
43:41 Ring Archer Armor
Connection lost

Rejoining the realm…

Still unreachable

The connection could not be restored.

Session expired

The server has moved on; the page needs a fresh start.